 Dungeon Crawl Stone Soup version 0.27-a0-46-g34d46f0a3f (webtiles) character file.

Game seed: 9223865630768417697

1394 Borgoz the Cudgeller (level 8, 0/51 HPs)
             Began as a Gargoyle Berserker on Jan 7, 2021.
             Was a Priest of Trog.
             Killed by divine providence
             ... invoked by an orc priest
              (8 damage)
             ... on level 6 of the Dungeon.
             The game lasted 00:08:38 (6120 turns).

Borgoz the Cudgeller (Gargoyle Berserker)           Turns: 6120, Time: 00:08:38

Health: 0/51       AC: 24    Str: 21    XL:     8   Next: 68%
Magic:  0/8        EV:  8    Int:  8    God:    Trog [***...]
Gold:   337        SH:  0    Dex: 11    Spells: 7/7 levels left

rFire    . . .     SeeInvis +   a - +0 mace
rCold    . . .     Faith    .   (no shield)
rNeg     + . .     Spirit   +   j - +0 plate armour
rPois    ∞         Reflect  .   m - +2 hat
rElec    +         Harm     .   (no cloak)
rCorr    +         Rampage  .   e - +2 pair of gloves
Will     .....                  f - +0 pair of boots
Stlth    ..........             h - amulet of guardian spirit
HPRegen  0.17/turn              B - ring of see invisible
MPRegen  0.11/turn              p - ring of resist corrosion

@: no status effects
A: negative energy resistance 1, electricity resistance, unbreathing,
petrification resistance, miasma immunity, AC +5
a: Renounce Religion, Berserk, Trog's Hand


You were on level 6 of the Dungeon.
You worshipped Trog.
Trog was most pleased with you.
You visited 2 branches of the dungeon, and saw 7 of its levels.

You collected 337 gold pieces.

Inventory:

Hand Weapons
 a - a +0 mace (weapon)
 b - a +1 vorpal war axe
Armour
 e - a +2 pair of gloves (worn)
 f - a +0 pair of boots (worn)
 j - a +0 plate armour (worn)
 m - a +2 hat (worn)
Jewellery
 h - an amulet of guardian spirit (around neck)
 p - a ring of resist corrosion (right hand)
 q - an uncursed ring of protection from cold
 x - an uncursed ring of flight
 B - a ring of see invisible (left hand)
Wands
 i - a wand of paralysis (5)
 u - a wand of iceblast (18)
Scrolls
 c - 4 scrolls of remove curse
 d - 2 scrolls of enchant armour
 g - a scroll of blinking {unknown}
 k - a scroll of teleportation {unknown}
 r - a scroll of enchant weapon
 s - a scroll of summoning {unknown}
 t - 3 scrolls of fear {unknown}
 w - a scroll of torment {unknown}
 y - a scroll of amnesia {unknown}
Potions
 l - 2 potions of cancellation
 n - 2 potions of haste
 o - 6 potions of curing
 v - a potion of heal wounds


   Skills:
 + Level 6.0 Fighting
 * Level 7.2 Maces & Flails
 + Level 5.4 Armour
 + Level 4.1 Dodging


You had 7 spell levels left.
You didn't know any spells.
Your spell library was empty.

Dungeon Overview and Level Annotations

Branches:
Dungeon (6/15)             Temple (1/1) D:5

Altars:
Cheibriados
Dithmenos
Elyvilon
Fedhas
Hepliaklqana
Kikubaaqudgha
Makhleb
Nemelex Xobeh
Qazlal
Ru
Sif Muna
Trog
Uskayaw
Vehumet
Wu Jian
Xom
Zin
The Shining One

Shops:
D:6 =


Innate Abilities, Weirdness & Mutations

You are resistant to torment.
Your stone body is resilient. (AC +5)
You are immune to poison.
You resist negative energy. (rN+)
You are resistant to electric shocks. (rElec)
You can survive without breathing.
You are immune to petrification.
You are immune to miasma.


Message History

You hit the orc warrior but do no damage.
The orc warrior is heavily wounded.
The orc warrior hits you but does no damage.
You barely miss the orc warrior.
The orc warrior is heavily wounded.
The orc warrior hits you but does no damage.
Your plate armour prevents you from hitting the orc warrior.
The orc warrior is heavily wounded.
The orc warrior hits you but does no damage.
You hit the orc warrior.
The orc warrior is heavily wounded.
The orc warrior hits you but does no damage.
The orc priest calls upon Beogh to heal the orc warrior.
The orc warrior is healed somewhat.
You hit the orc warrior.
The orc warrior is heavily wounded.
The orc warrior hits you but does no damage.
The orc priest invokes the aid of Beogh against you.
Beogh smites you!
You die...

#######.#.#
#.# #
#.#.###.####
#
#..........#
#
###.######.#
.# #.# # #.#
#.# #.# #@#
#o#
......oo#
####.#### #.
#


You could see an orc warrior, an orc priest and an orc.

Vanquished Creatures
  The ghost of MirrMurr the Poker, an amateur DsGl (D:4)
  Edmund (D:4)
  3 orc warriors
  2 ogres
  A bullfrog (D:6)
  A bullfrog zombie (D:5)
  2 hounds
  An orc priest (D:6)
  3 orc wizards
  An iguana (D:5)
  2 worker ants
  5 gnolls (D:4)
  12 adders
  A shadow imp (D:5)
  4 worms
  3 dart slugs
  4 leopard geckos
  11 orcs
  A ball python (D:3)
  6 giant cockroaches
  9 goblins
  7 hobgoblins
  5 jackals
  4 quokkas
  6 bats
  5 frilled lizards
  7 kobolds
  A quokka skeleton (D:4)
  5 rats
114 creatures vanquished.

Notes
Turn   | Place    | Note
-------+----------+-------------------------------------------
     0 | D:1      | Borgoz the Gargoyle Berserker began the quest for the Orb.
     0 | D:1      | Reached XP level 1. HP: 14/14 MP: 1/1
   673 | D:1      | Reached XP level 2. HP: 19/19 MP: 2/2
  1137 | D:1      | Reached ** piety under Trog
  1186 | D:1      | Reached XP level 3. HP: 23/23 MP: 3/3
  1737 | D:2      | Reached XP level 4. HP: 28/29 MP: 4/4
  2103 | D:2      | Reached skill level 4 in Maces & Flails
  2331 | D:3      | Found a faded altar of an unknown god.
  2551 | D:3      | Reached XP level 5. HP: 33/33 MP: 5/5
  2924 | D:3      | Found a snail-covered altar of Cheibriados.
  3248 | D:4      | Reached XP level 6. HP: 38/38 MP: 3/6
  3249 | D:4      | Reached *** piety under Trog
  3347 | D:4      | Noticed MirrMurr's ghost (amateur DsGl)
  3373 | D:4      | Found a runed translucent gate.
  3374 | D:4      | Found a runed translucent gate.
  3375 | D:4      | Found a runed translucent gate.
  3503 | D:4      | Found a burning altar of Makhleb.
  3503 | D:4      | Noticed a blizzard demon
  3513 | D:4      | Noticed a hellwing
  3513 | D:4      | Noticed a ynoxinul
  3682 | D:4      | Reached skill level 5 in Maces & Flails
  3684 | D:4      | Noticed Edmund
  3966 | D:4      | Killed Edmund
  3967 | D:4      | Reached XP level 7. HP: 44/44 MP: 5/7
  4003 | D:4      | Found a bloodstained altar of Trog.
  4028 | D:4      | Found a shimmering blue altar of Sif Muna.
  4308 | D:4      | Killed MirrMurr's ghost
  4309 | D:4      | Reached skill level 5 in Fighting
  4309 | D:4      | Reached skill level 6 in Maces & Flails
  4374 | D:5      | Entered Level 5 of the Dungeon
  4402 | D:5      | Found a glowing golden altar of the Shining One.
  4443 | D:5      | Reached XP level 8. HP: 39/50 MP: 6/8
  4524 | D:5      | Found a staircase to the Ecumenical Temple.
  4633 | Temple   | Entered the Ecumenical Temple
  5124 | D:5      | Found a glowing silver altar of Zin.
  5141 | D:5      | Reached skill level 5 in Armour
  5563 | D:6      | Reached skill level 7 in Maces & Flails
  5919 | D:6      | Found Leamo's Jewellery Shop.
  6120 | D:6      | Killed from afar by an orc priest

Illustrated notes

Levels and vault maps discovered:
D:1:      roderic_dead_forest, layout_basic
D:2:      minmay_wonky_spiral, layout_loops_ring
D:3:      layout_loops_ring, kennysheep_slug_shrine,
          chequers_ecumenical_altar_grove
D:4:      layout_basic, nzn_overflow_gifts_of_might_and_magic,
          gammafunk_ghost_split, makhleb_altar_promises_db, uniq_edmund
D:5:      layout_basic, kennysheep_mini, general_overflow_altar,
          minmay_temple_entry_mist
D:6:      layout_loops_corners, lemuel_doored_altar,
          lemuel_coloured_pillars_altar, serial_shops, nicolae_shop_stone,
          glass_columns_a
Temple:   dshaligram_water_room_temple

Skill      XL: |  1  2  3  4  5  6  7  8 |
---------------+-------------------------+-----
Dodging        | 2 3 4 |  4.1
Maces & Flails | 4 5 6 7 |  7.2
Armour         | 3 4 5 |  5.4
Fighting       | 4 5 6 |  6.0

Action                   |  1- 3 |  4- 6 |  7- 9 || total
-------------------------+-------+-------+-------++-------
Melee: Mace              |   143 |   238 |   133 ||   514
       War axe           |       |       |    71 ||    71
Invok: Berserk           |     1 |     2 |     2 ||     5
       Trog's Hand       |       |       |     1 ||     1
Evoke: Wand              |       |     3 |       ||     3
  Use: Scroll            |     2 |     8 |     5 ||    15
       Potion            |       |       |     1 ||     1
 Stab: Paralysed         |       |     6 |       ||     6
Armor: Ring mail         |    35 |       |       ||    35
       Animal skin       |     1 |       |       ||     1
       Plate armour      |    73 |   207 |   185 ||   465
Dodge: Dodged            |    84 |    89 |    88 ||   261

Table legend: (Time is in decaauts)
 A = Elapsed time spent in this place.
 B = Non-inter-level travel time spent in this place.
 C = Inter-level travel time spent in this place.
 D = Time resting spent in this place.
 E = Time spent auto-exploring this place.
 F = Levels seen in this place.
 G = Mean time per level.
                   A        B        C        D        E       F      G
               +--------+--------+--------+--------+--------+-----+--------+
         Total |   6266 |   6104 |    162 |   1037 |   3826 |   7 |  895.1 |
       Dungeon |   6134 |   5995 |    139 |   1037 |   3717 |   6 | 1022.3 |
        Temple |    132 |    109 |     23 |      0 |    109 |   1 |  132.0 |
               +--------+--------+--------+--------+--------+-----+--------+

Top non-repeatable levels by time:
     D:1: 1416 daAuts
     D:4: 1068 daAuts
     D:3: 1065 daAuts
     D:2: 940 daAuts
     D:6: 929 daAuts
     D:5: 713 daAuts
  Temple: 132 daAuts
